 Dungeon Crawl Stone Soup version 0.26-a0-30-g56b8cd3df0 (webtiles) character file.

Game seed: 16521618676396954194, levelgen mode: deterministic

34213 tilp the Basher (level 13, -12/99 HPs)
             Began as a Demigod Venom Mage on May 30, 2020.
             Mangled by Rupert
             ... wielding a +3 great mace of protection
              (38 damage)
             ... on level 2 of the Orcish Mines on May 31, 2020.
             The game lasted 00:53:59 (24343 turns).

tilp the Basher (Demigod Venom Mage)               Turns: 24343, Time: 00:54:00

Health: -12/99     AC: 13    Str: 15    XL:     13   Next: 11%
Magic:  11/26      EV: 15    Int: 25    God:
Gold:   721        SH:  5    Dex: 16    Spells: 11/24 levels left

rFire    + . .     SeeInvis +   a - +10 flail "Araov" {flame, Str+2}
rCold    . . .     Gourm    .   B - +0 buckler
rNeg     . . .     Faith    .   D - +2 leather armour {rPois}
rPois    +         Spirit   .   I - +2 hat {SInv}
rElec    .         Reflect  .   G - +0 cloak
rCorr    .         Harm     .   (no gloves)
MR       +....                  J - +0 pair of boots
Stlth    +++.......             (no amulet)
HPRegen  0.26/turn              K - ring of protection from fire
MPRegen  0.20/turn              U - +4 ring of protection

@: no status effects
A: high mp 1
a: no special abilities


You were on level 2 of the Orcish Mines.
You were not hungry.

You visited 3 branches of the dungeon, and saw 17 of its levels.
You also visited: Sewer.

You collected 1186 gold pieces.
You spent 465 gold pieces at shops.

Inventory:

Hand Weapons
 a - the +10 flail "Araov" (weapon) {flame, Str+2}
   (You found it on level 5 of the Dungeon)

   It has been specially enchanted to burn those struck by it, causing extra
   injury to most foes and up to half again as much damage against particularly
   susceptible opponents.
   It affects your strength (+2).
 q - a +2 great mace of flaming
 t - a +0 morningstar
 A - a +2 vorpal dire flail
Missiles
 m - 8 javelins (quivered)
 r - 6 silver boomerangs
 y - 39 poisoned darts
 F - 15 boomerangs
Armour
 l - the cursed +0 ring mail "Zudeu" {rN+ Str-4 Dex+8, unknown}
   (You found it on level 5 of the Lair of Beasts)

   It affects your strength (-4).
   It affects your dexterity (+8).
   It protects you from negative energy.
   It has a curse placed upon it.
 B - a +0 buckler (worn)
 D - a +2 leather armour of poison resistance (worn)
 G - a +0 cloak (worn)
 I - a +2 hat of see invisible (worn)
 J - a +0 pair of boots (worn)
Jewellery
 u - an uncursed ring of see invisible
 H - an uncursed ring of stealth
 K - a ring of protection from fire (left hand)
 N - an uncursed ring of poison resistance
 U - a +4 ring of protection (right hand)
Wands
 j - a wand of flame (18)
 T - a wand of polymorph (10)
Scrolls
 e - a scroll of brand weapon
 g - a scroll of fog {unknown}
 s - 5 scrolls of remove curse
 v - 2 scrolls of amnesia
 w - 7 scrolls of teleportation
 x - 4 scrolls of fear
 z - a scroll of blinking
 C - 2 scrolls of magic mapping
 V - a scroll of enchant armour {unknown}
 Y - a scroll of holy word {unknown}
Potions
 d - 3 potions of berserk rage
 f - 11 potions of brilliance
 h - a potion of cancellation
 i - a potion of ambrosia
 k - 3 potions of flight
 n - 7 potions of stabbing
 o - 12 potions of curing
 p - 3 potions of might
 E - 4 potions of heal wounds
 L - a potion of haste
 O - 4 potions of mutation
 Q - 2 potions of resistance
Miscellaneous
 b - a phantom mirror
 M - a box of beasts
 X - a phial of floods
 Z - a lightning rod (4/4)
Comestibles
 c - 34 rations


   Skills:
 + Level 4.8 Fighting
 - Level 14.0 Maces & Flails
 - Level 2.0 Armour
 + Level 4.9 Dodging
 + Level 5.0 Stealth
 - Level 4.0 Shields
 - Level 2.5 Unarmed Combat
 - Level 6.0 Spellcasting
 - Level 0.8 Transmutations
 - Level 10.0 Poison Magic
 + Level 4.8 Evocations


You had 11 spell levels left.
You knew the following spells:

 Your Spells              Type           Power        Failure   Level  Hunger
a - Sting                 Tmut/Pois      ####         1%          1    None
b - Poisonous Vapours     Pois/Air       ####..       1%          2    None
c - Ignite Poison         Fire/Tmut/Pois ####....     6%          3    None
d - Mephitic Cloud        Conj/Pois/Air  ###.....     7%          3    None
e - Olgreb's Toxic Radia  Pois           ######..     1%          4    ###....

Your spell library contained the following spells:

 Spells                   Type           Power        Failure   Level  Hunger
 Confusing Touch          Hex            #.......     26%         3    None
 Gell's Gravitas          Tloc           #.........   26%         3    None
 Petrify                  Tmut/Erth      #.......     58%         4    ###....
 Leda's Liquefaction      Hex/Erth       #.........   65%         4    ###....
 Yara's Violent Unravell  Hex/Tmut       #.........   91%         5    #####..
 Bolt of Magma            Conj/Fire/Erth #.........   94%         5    #####..
 Metabolic Englaciation   Hex/Ice        #.........   94%         5    #####..
 Iron Shot                Conj/Erth      #.........   100%        6    ######.
 Statue Form              Tmut/Erth      #........    100%        6    ######.
 Shatter                  Erth           #.........   100%        9    #######


Dungeon Overview and Level Annotations

Branches:
Dungeon (10/15)            Temple (0/1) D:6            Lair (5/6) D:8
 Shoals (0/4) Lair:4        Snake (0/4) Lair:2          Orc (1/2) D:9
    Elf (0/3) Orc:2         Sewer (visited)
  Slime: Lair:5-6

Shops:
D:4 [   D:5 (   D:8 *(   D:10 (

Annotations:
D:7 Maggie
Lair:2 exclusion: oklob plant
Lair:3 1 runed translucent door, Tised's ghost, journeyman DsAs
Orc:2 Rupert


Innate Abilities, Weirdness & Mutations

You have an increased reservoir of magic. (+10% MP)


Message History

You ignite the poison in your surroundings!
Rupert seems to burn from within!
Rupert is severely wounded.
Rupert hits you with a +3 great mace of protection!
* * * LOW HITPOINT WARNING * * *
Rupert hits you with a +3 great mace of protection!!
* * * LOW HITPOINT WARNING * * *
Unknown command.
You feel much better. The orc knight completely misses you.
Rupert hits you with a +3 great mace of protection!!
* * * LOW HITPOINT WARNING * * *
Unknown command.
Casting: Ignite Poison (mildly dangerous; 6% risk of failure)
Confirm with . or Enter, or press ? or * to list all spells.
You don't know that spell.
You feel much better.
The orc knight hits you with a +3 great sword of protection!!
* * * LOW HITPOINT WARNING * * *
Rupert hits you with a +3 great mace of protection!!!
You die...

### ##.## #...### ### ##..#.##
##.## ##......##
###...###.....o@.# *
##.#...##.......@## *
#.....###...#..### *** *
##...##.........#** ****,******
....).............#* **,*,,,*,**,
...................#**,,,*,,,,,,,
..)...)....#.#.......*,,,,*,*,*,,
##........####.....@...,,,,**,,,,
.........$#**##.#o....#******,,,*
$.........#∩,*###.....# **,∩*,,,,


You could see Rupert (berserk) and an orc knight.

Vanquished Creatures
  A stone giant (Orc:1)
  4 hydras
  3 death yaks
  A two-headed ogre (D:10)
  An orc high priest (Orc:2)
  An orc sorcerer (Orc:2)
  A manticore (Lair:4)
  A black mamba (Lair:4)
  3 elephants (Lair:3)
  The ghost of Yorgos the Shield-Bearer, a novice GnFi of Qazlal (D:5)
  5 spiny frogs
  A centaur skeleton (D:10)
  9 komodo dragons
  2 rime drakes
  A queen bee (D:9)
  Prince Ribbit (D:7)
  18 blink frogs
  6 hippogriffs
  A wraith (D:10)
  27 yaks
  A basilisk (Lair:2)
  2 wyverns
  3 hungry ghosts
  A steam dragon (D:8)
  A warg (Orc:2)
  2 nagas (Lair:2)
  Edmund (D:4)
  Duvessa (D:4)
  7 porcupines
  10 water moccasins
  2 black bears
  4 orc warriors
  An ice beast (D:7)
  4 ogres
  5 phantoms
  3 centaurs
  A necrophage (D:9)
  8 crocodiles
  13 wolves
  5 big kobolds
  14 bullfrogs
  A gnoll sergeant (D:9)
  Dowan (D:4)
  2 scorpions (D:8)
  A troll zombie (D:9)
  24 killer bees (D:9)
  An electric eel (Lair:5)
  A wight (D:10)
  8 howler monkeys
  4 crimson imps
  A gnoll shaman (D:7)
  3 jellies (D:8)
  5 orc wizards
  5 orc priests
  8 hounds
  2 bullfrog skeletons
  9 iguanas
  9 worker ants
  7 ogre zombies (D:9)
  A hound skeleton (D:6)
  A mummy (D:6)
  A worker ant zombie (D:6)
  11 gnolls
  13 adders
  A howler monkey skeleton (D:3)
  5 river rats
  5 shadow imps
  6 oozes
  2 adder skeletons
  6 worms
  2 dart slugs (D:1)
  5 leopard geckos
  37 orcs
  3 giant cockroaches
  4 goblins
  8 hobgoblins
  11 jackals
  4 quokkas
  5 ball pythons
  15 bats
  7 frilled lizards
  2 goblin zombies (D:9)
  2 hobgoblin skeletons (D:9)
  2 hobgoblin zombies (D:9)
  35 kobolds
  3 orc skeletons (D:9)
  15 orc zombies (D:9)
  A quokka skeleton (D:9)
  12 rats
  A fungus (Lair:5)
495 creatures vanquished.

Vanquished Creatures (others)
  5 fungi
  4 plants (Lair:2)
  2 withered plants (Lair:3)
11 creatures vanquished.

Grand Total: 506 creatures vanquished

Notes
Turn   | Place    | Note
-------+----------+-------------------------------------------
     0 | D:1      | tilp the Demigod Venom Mage began the quest for the Orb.
     0 | D:1      | Reached XP level 1. HP: 14/14 MP: 5/5
   764 | D:1      | Reached XP level 2. HP: 20/20 MP: 4/7
   796 | D:1      | Learned a level 2 spell: Poisonous Vapours
  1499 | D:1      | Reached XP level 3. HP: 26/26 MP: 6/8
  1504 | D:1      | Learned a level 3 spell: Ignite Poison
  2349 | D:2      | Reached skill level 1 in Fighting
  2956 | D:2      | Reached XP level 4. HP: 34/35 MP: 9/9
  3541 | D:3      | Reached skill level 1 in Shields
  4018 | D:3      | Found a stormy altar of Qazlal.
  4068 | D:3      | Reached XP level 5. HP: 34/41 MP: 3/10
  4150 | D:3      | Found an ancient bone altar of Kikubaaqudgha.
  4206 | D:4      | Noticed Edmund
  4213 | D:4      | Killed Edmund
  4610 | D:4      | Reached XP level 6. HP: 48/48 MP: 7/11
  4757 | D:4      | Noticed Duvessa
  4803 | D:4      | Found a radiant altar of Vehumet.
  4829 | D:4      | Found Uvvam's Armour Boutique.
  4832 | D:4      | Bought a +0 pair of boots for 63 gold pieces
  5230 | D:4      | Noticed Dowan
  5509 | D:5      | Entered Level 5 of the Dungeon
  5524 | D:5      | Got a faintly glowing quarterstaff
  5644 | D:5      | Found a runed translucent door.
  5645 | D:5      | Noticed Yorgos's ghost (novice GnFi)
  6199 | D:5      | Found Lamm's Antique Weapon Shop.
  6250 | D:5      | Reached XP level 7. HP: 55/55 MP: 11/15
  6377 | D:5      | Reached skill level 5 in Poison Magic
  6574 | D:5      | Learned a level 3 spell: Mephitic Cloud
  6579 | D:5      | Learned a level 4 spell: Olgreb's Toxic Radiance
  6580 | D:5      | Found a runed translucent door.
  6587 | D:5      | Found a shimmering blue altar of Sif Muna.
  6878 | D:6      | Identified the cursed +0 quarterstaff of Fomib {venom, +Fly
                  | rC+ Int+3} (You found it on level 5 of the Dungeon)
  6965 | D:6      | Reached skill level 1 in Maces & Flails
  7133 | D:6      | Reached skill level 2 in Maces & Flails
  7224 | D:6      | Found a glowing drain.
  7228 | Sewer    | Entered a sewer
  7446 | Sewer    | Reached skill level 3 in Maces & Flails
  7446 | Sewer    | Reached XP level 8. HP: 61/61 MP: 9/17
  7842 | D:6      | Reached skill level 4 in Maces & Flails
  8020 | D:6      | Found a staircase to the Ecumenical Temple.
  8485 | D:7      | Reached skill level 5 in Maces & Flails
  8662 | D:7      | Noticed Prince Ribbit
  8674 | D:7      | Killed Prince Ribbit
  8674 | D:7      | Reached skill level 6 in Maces & Flails
  8777 | D:7      | Found an opulent altar of Gozag.
  8788 | D:7      | Noticed Maggie
  9068 | D:7      | Found a shadowy altar of Dithmenos.
  9068 | D:7      | Found a hazy altar of Hepliaklqana.
  9068 | D:7      | Found an ornate altar of the Wu Jian Council.
  9853 | D:8      | Noticed a death yak
  9868 | D:8      | Noticed a death yak
  9877 | D:8      | Noticed a death yak
  9880 | D:7      | Killed a death yak
  9880 | D:7      | Reached skill level 5 in Spellcasting
  9880 | D:7      | Reached XP level 9. HP: 47/67 MP: 3/21
 10062 | D:8      | Found a staircase to the Lair.
 10348 | D:8      | Found Zuxtor's Antique Weapon Shop.
 10440 | D:8      | Found Cyblopol's Serpentskin Sales.
 10458 | D:8      | Reached skill level 1 in Armour
 10458 | D:8      | Reached skill level 1 in Evocations
 11051 | D:8      | Killed a death yak
 11391 | D:8      | Killed a death yak
 11391 | D:8      | Reached XP level 10. HP: 65/77 MP: 10/22
 12136 | D:9      | Paralysed by fainting for 7 turns
 12217 | D:9      | Found a staircase to the Orcish Mines.
 12351 | D:9      | Found a shattered altar of Ashenzari.
 12499 | D:9      | Reached skill level 7 in Maces & Flails
 13034 | D:4      | Killed Duvessa
 13043 | D:4      | Killed Dowan
 13381 | D:4      | Found a snail-covered altar of Cheibriados.
 13479 | D:5      | Killed Yorgos's ghost
 13528 | D:5      | Got a crude flail
 13553 | D:5      | Identified the +10 flail "Araov" {flame, Str+2} (You found
                  | it on level 5 of the Dungeon)
 13629 | D:10     | Entered Level 10 of the Dungeon
 13772 | D:10     | Found Tichegebb's Antique Weapon Shop.
 14069 | D:10     | Noticed a two-headed ogre
 14087 | D:10     | Killed a two-headed ogre
 14087 | D:10     | Reached XP level 11. HP: 84/84 MP: 18/24
 14224 | D:10     | Reached skill level 8 in Maces & Flails
 15005 | D:8      | Bought an uncursed ring of poison resistance for 240 gold
                  | pieces
 15045 | Lair:1   | Entered Level 1 of the Lair of Beasts
 15380 | Lair:1   | Reached skill level 10 in Poison Magic
 15561 | Lair:1   | Reached skill level 9 in Maces & Flails
 16848 | Lair:2   | Reached skill level 10 in Maces & Flails
 17465 | Lair:2   | Found a staircase to the Snake Pit.
 17791 | Lair:2   | Reached skill level 11 in Maces & Flails
 18259 | Lair:2   | HP: 3/84 [acid (13)]
 18681 | Lair:3   | Found a runed translucent door.
 19212 | Lair:3   | Noticed Tised's ghost (journeyman DsAs)
 19365 | Lair:3   | Reached skill level 1 in Unarmed Combat
 19365 | Lair:3   | Reached XP level 12. HP: 90/91 MP: 22/25
 19896 | Lair:4   | Noticed a seven-headed hydra
 19909 | Lair:4   | Killed a seven-headed hydra
 19909 | Lair:4   | Reached skill level 12 in Maces & Flails
 20677 | Lair:4   | Noticed a four-headed hydra
 20692 | Lair:4   | Killed a four-headed hydra
 20712 | Lair:4   | Reached skill level 13 in Maces & Flails
 21419 | Lair:4   | Found a staircase to the Shoals.
 22023 | Lair:5   | Noticed a five-headed hydra
 22264 | Lair:5   | Killed a five-headed hydra
 22272 | Lair:5   | Reached skill level 14 in Maces & Flails
 22895 | Lair:5   | Got a fading ring mail
 22995 | Lair:5   | Noticed an eight-headed hydra
 23007 | Lair:5   | Killed an eight-headed hydra
 23034 | Lair:5   | Reached XP level 13. HP: 37/99 MP: 6/26
 23709 | D:8      | Bought a great mace for 162 gold pieces
 23760 | Orc:1    | Entered Level 1 of the Orcish Mines
 23760 | Orc:1    | Noticed a stone giant
 23772 | Orc:1    | Killed a stone giant
 24024 | Orc:1    | You fall into a shaft and drop 1 floor!
 24024 | Orc:2    | Entered Level 2 of the Orcish Mines
 24156 | Orc:2    | Reached skill level 5 in Stealth
 24318 | Orc:2    | Noticed Rupert
 24329 | Orc:2    | Paralysed by Rupert for 4 turns
 24343 | Orc:2    | Mangled by Rupert

Illustrated notes

Levels and vault maps discovered:
D:1:      sevenhm_arrival_forest_fort_large_2, layout_basic, minmay_pentomino_q2
D:2:      cheibrodos_helix_gallery, layout_loops_ring,
          chequers_serial_rivers_small_3, kennysheep_decorative_pillar
D:3:      layout_rooms, lemuel_doored_altar, marbit_many_paths
D:4:      layout_layer_cave, nicolae_overflow_hidden_temple, serial_shops,
          kennysheep_mini, st_stairs_4, uniq_edmund, uniq_duvessa
D:5:      layout_basic, kennysheep_little_box, first_ration, serial_shops,
          nicolae_shop_trees, ebering_ghost_sewer_f
D:6:      layout_loops_ring, minmay_temple_entry_junction,
          lightli_sewer_entry_pipes, gup_ossuary_entry_pyramid
D:7:      layout_loops_ring, nicolae_overflow_crystal_walls,
          gammafunk_temple_overflow_forgotten, uniq_maggie, uniq_prince_ribbit1
D:8:      layout_loops_ring, dpeg_lair_monsters, serial_shops,
          nicolae_shop_temple_entry_statues_fountains,
          hangedman_little_slice_of_home, kennysheep_cross_bottleneck,
          guppyfry_shop_venom
D:9:      layout_cave_pools, lemuel_crystal_altar, zombieorc2_lemuel,
          special_room [special_room_bee]
D:10:     minmay_four_partial_circles, layout_irregular_city, serial_shops, shop
Lair:1:   layout_cave_pods, grunt_megastairs_4
Lair:2:   beast_lair_carwin_large_3, layout_chaotic_city,
          guppyfry_snake_entry_garden, minmay_stone_trees_medium,
          minmay_lair_oklob_chamber, serial_bayou_shore_b
Lair:3:   layout_hall_layers, gammafunk_ghost_grave
Lair:4:   wander_river, layout_layer_cave, minmay_shoals_entry_beasts
Lair:5:   layout_misc_corridors, grunt_megastairs_1, serial_bayou_shore_a
Orc:1:    layout_caves, serial_shops, nicolae_shop_statue_plus, minmay_orc_keep
Orc:2:    grunt_orc_cross, layout_caves, uniq_rupert

Skill      XL: |  1  2  3  4  5  6  7  8  9 10 11 12 13 |
---------------+----------------------------------------+-----
Spellcasting   | 2 3 4 5 6 |  6.0
Poison Magic   | 3 4 6 7 8 9 10 | 10.0
Dodging        | 2 3 4 |  4.9
Stealth        | 2 3 4 5 |  5.0
Fighting       | 1 2 3 4 |  4.8
Shields        | 2 4 |  4.0
Maces & Flails | 3 6 7 11 14 | 14.0
Armour         | 2 |  2.0
Evocations     | 2 4 |  4.8
Unarmed Combat | 1 2 |  2.5
Transmutations | |  0.8

Action                   |  1- 3 |  4- 6 |  7- 9 | 10-12 | 13-15 || total
-------------------------+-------+-------+-------+-------+-------++-------
Melee: Short sword       |    51 |    58 |       |       |       ||   109
       Trident           |       |    30 |    21 |       |       ||    51
       Dire flail        |       |    28 |       |       |       ||    28
       Flail             |       |       |   291 |   542 |    24 ||   857
Throw: Javelin           |       |     3 |    12 |    30 |       ||    45
 Cast: Sting             |    51 |    36 |    77 |    78 |     9 ||   251
       Poisonous Vapours |    24 |    32 |    43 |   123 |    17 ||   239
       Ignite Poison     |       |     1 |    14 |    41 |    11 ||    67
       Olgreb's Toxic Ra |       |       |     8 |    22 |       ||    30
       Mephitic Cloud    |       |       |     4 |    19 |     1 ||    24
Evoke: Wand              |       |       |       |       |     1 ||     1
  Use: Scroll            |       |     2 |     8 |    13 |     6 ||    29
       Potion            |       |     1 |     5 |       |     2 ||     8
 Stab: Sleeping          |       |     2 |     4 |     9 |       ||    15
       Distracted        |       |     1 |       |     2 |       ||     3
       Confused          |       |       |     2 |     1 |       ||     3
  Eat: Chunk             |     8 |     8 |    19 |    34 |     4 ||    73
       Ration            |       |     1 |     1 |     3 |       ||     5
Armor: Robe              |    15 |     5 |       |       |       ||    20
       Leather armour    |       |    29 |   111 |   166 |     5 ||   311
Dodge: Dodged            |    58 |    66 |   213 |   317 |     7 ||   661
Block: Buckler           |       |       |    91 |   142 |     5 ||   238

Table legend:
 A = Non-vault XP
 B = Vault XP
 C = Vault XP percentage of total XP
 D = Non-vault monster count
 E = Vault monster count
 F = Vault count percentage of total count
                 A         B        C        D         E       F
            +---------+---------+-------+---------+---------+-------
      Total |   36528 |   12348 |  25.3 |     339 |     155 |  31.4
            +---------+---------+-------+---------+---------+-------
        D:1 |      46 |       6 |  11.5 |      25 |       2 |   7.4
        D:2 |      63 |       4 |   6.0 |      24 |       2 |   7.7
        D:3 |     119 |       2 |   1.7 |      31 |       1 |   3.1
        D:4 |      60 |     463 |  88.5 |       3 |       5 |  62.5
        D:5 |     617 |     552 |  47.2 |      16 |       4 |  20.0
        D:6 |     582 |     142 |  19.6 |      21 |      13 |  38.2
        D:7 |     817 |    1167 |  58.8 |      14 |       2 |  12.5
        D:8 |    1243 |    1930 |  60.8 |      26 |      13 |  33.3
        D:9 |    1227 |    2432 |  66.5 |      20 |      60 |  75.0
       D:10 |    2036 |    1416 |  41.0 |      38 |      11 |  22.4
     Lair:1 |    3842 |      96 |   2.4 |      19 |       1 |   5.0
     Lair:2 |    2136 |    2775 |  56.5 |      13 |      14 |  51.9
     Lair:3 |    4049 |       0 |   0.0 |      18 |       0 |   0.0
     Lair:4 |    6180 |     767 |  11.0 |      21 |       2 |   8.7
     Lair:5 |   10163 |     372 |   3.5 |      39 |       1 |   2.5
      Orc:1 |    1488 |       0 |   0.0 |       1 |       0 |   0.0
      Orc:2 |    1860 |       0 |   0.0 |      10 |       0 |   0.0
      Sewer |       0 |     224 | 100.0 |       0 |      24 | 100.0
            +---------+---------+-------+---------+---------+-------
